Map: [ESL] Ancient Cistern

Players

Cure

  • Race: Terran Terran
  • Spawn Location: 7:00

GuMiho - Winner!

  • Race: Terran Terran
  • Spawn Location: 1:00

Event: ESL SC2 Masters 2023 Summer (Finals)

VOD

Have the link to the VOD?

Description

Time

  • Played on: June 16, 2023, 11:21 a.m.
  • Length: 14:32

All games in this series

Show
View Real Time Build Order
Export as new Build Order

Cure Terran 

Build Orders:  

Get SALT Encoding   

  12  0:00  SCV  
  13  0:12  SCV  
  14  0:17  Supply Depot  
  14  0:24  SCV  
  15  0:38  SCV  
  15  0:40  Barracks  
  15  0:42  Refinery  
  16  0:51  SCV  
  16  0:52  Refinery  
  17  1:03  SCV  
  18  1:15  SCV  
  19  1:26  Reaper  
  19  1:27  Orbital Command  
  19  1:32  Supply Depot  
  20  1:41  Factory  
  20  1:53  SCV  
  21  1:59  Reaper  
  22  2:05  SCV  
  23  2:17  SCV  
  23  2:21  Command Center  
  24  2:26  Hellion  
  25  2:31  Reaper  
  25  2:33  SCV  
  25  2:36  Supply Depot  
  27  2:45  SCV  
  27  2:47  Hellion  
  30  2:57  SCV  
  31  2:59  Starport  
  31  3:04  Barracks Reactor  
  31  3:09  SCV, Factory Tech Lab  
  32  3:21  SCV  
  33  3:27  Cyclone  
  33  3:29  Refinery  
  36  3:36  Starport Tech Lab  
  36  3:39  SCV  
  32  3:41  Orbital Command  
  32  3:44  Marine x2  
  34  3:49  Supply Depot  
  34  3:51  SCV  
  34  3:55  Raven  
  36  4:03  SCV  
  36  4:07  SCV  
  40  4:11  Siege Tank  
  40  4:15  SCV  
  42  4:17  Marine x2  
  42  4:19  SCV  
  45  4:27  SCV  
  46  4:31  SCV  
  46  4:34  Raven  
  51  4:39  SCV  
  51  4:43  SCV  
  51  4:44  Command Center  
  51  4:51  Siege Tank  
  54  4:53  SCV  
  54  4:55  Marine, SCV  
  54  4:57  Marine  
  58  5:00  Supply Depot  
  58  5:05  SCV  
  59  5:08  SCV  
  58  5:17  SCV  
  58  5:20  SCV  
  59  5:23  Barracks  
  59  5:24  Barracks  
  59  5:27  Starport Reactor  
  59  5:28  Stimpack  
  59  5:31  SCV  
  59  5:32  SCV  
  60  5:39  Siege Tank  
  64  5:43  SCV  
  64  5:44  SCV  
  66  5:55  SCV  
  66  5:56  SCV, Engineering Bay  
  68  5:57  Engineering Bay  
  68  5:58  Orbital Command  
  67  6:07  SCV  
  67  6:08  SCV  
  69  6:17  Starport Reactor  
  69  6:19  SCV  
  69  6:20  SCV  
  69  6:21  Refinery  
  69  6:25  Siege Tank, Supply Depot  
  71  6:26  Marine x5  
  71  6:30  SCV  
  71  6:31  SCV  
  71  6:32  SCV  
  80  6:33  Terran Infantry Weapons Level 1  
  80  6:37  Terran Infantry Armor Level 1  
  80  6:45  Missile Turret  
  80  6:47  Marine x5  
  85  6:57  Medivac x2, Supply Depot  
  85  7:00  Siege Tank  
  92  7:08  Combat Shield  
  92  7:11  Marine  
  93  7:15  Supply Depot  
  93  7:16  Barracks  
  93  7:17  Barracks  
  93  7:18  Marine x3  
  93  7:20  Marine  
  93  7:22  SCV  
  98  7:23  Orbital Command  
  98  7:24  Supply Depot  
  98  7:25  SCV  
  98  7:38  Marine x5  
  98  7:39  Siege Tank  
  98  7:42  SCV x2  
  108  7:46  Medivac x2  
  108  7:47  Supply Depot  
  108  7:50  SCV  
  111  7:53  Supply Depot  
  111  7:54  SCV x2  
  113  8:02  SCV  
  114  8:06  SCV x2, Barracks Reactor  
  114  8:07  Barracks Reactor  
  114  8:08  Armory, Marine  
  114  8:09  Marine x3  
  114  8:10  Supply Depot  
  120  8:13  Marine  
  120  8:15  SCV  
  120  8:18  SCV x2, Siege Tank  
  126  8:27  SCV  
  126  8:29  Marine x4  
  126  8:30  SCV x2  
  126  8:31  Marine  
  126  8:33  Medivac x2  
  137  8:35  Refinery  
  137  8:36  Refinery  
  137  8:39  Sensor Tower  
  135  8:43  SCV x2  
  135  8:44  SCV  
  135  8:45  Marine  
  135  8:47  Marine x2  
  141  8:49  Marine x2  
  141  8:51  Supply Depot  
  141  8:55  Marine x3  
  141  8:56  Marine  
  141  8:57  Siege Tank  
  140  9:02  Marine  
  140  9:05  Marine x2  
  141  9:11  Terran Infantry Weapons Level 2  
  141  9:12  Marine x2  
  141  9:13  SCV x3, Marine x2  
  141  9:14  Supply Depot  
  141  9:16  Supply Depot, Terran Infantry Armor Level 2  
  142  9:22  Marine x4  
  146  9:28  Medivac  
  148  9:35  Medivac  
  150  9:39  Factory  
  150  9:40  Marine x4  
  150  9:41  Marine x2  
  150  9:42  Barracks Reactor  
  150  9:43  Siege Tank  
  159  9:49  Supply Depot  
  159  10:01  Sensor Tower  
  159  10:02  Marine x6  
  159  10:03  Command Center  
  165  10:07  Terran Vehicle Weapons Level 1, Supply Depot  
  165  10:10  Medivac  
  165  10:12  Supply Depot  
  165  10:13  Medivac  
  169  10:16  Siege Tank  
  169  10:18  Supply Depot  
  172  10:22  Marine  
  173  10:28  Marine x5  
  173  10:29  Siege Tank  
  181  10:39  Marine x4  
  181  10:40  Marine  
  177  10:46  Marine x5  
  177  10:49  Siege Tank  
  178  10:57  Marine x5  
  178  10:59  Viking x2  
  178  11:01  Siege Tank  
  190  11:04  Marine  
  190  11:05  Barracks  
  190  11:06  Barracks  
  191  11:16  Marine x6  
  195  11:19  SCV  
  195  11:20  SCV x2  
  198  11:31  Starport  
  198  11:32  Starport, SCV x2  
  198  11:55  Marine x4  
  196  12:02  Marine x5  
  196  12:08  Planetary Fortress  
  189  12:12  Siege Tank x2  
  189  12:15  Terran Vehicle Weapons Level 2, SCV x2  
  188  12:16  SCV  
  188  12:18  Refinery x2  
  188  12:19  Starport Tech Lab  
  188  12:20  Starport Tech Lab, Barracks Reactor x2  
  191  12:32  Viking x2  
  191  12:36  SCV x3  
  197  12:38  Marine x3  
  197  12:42  Marine x4  
  188  12:45  Marine x3  
  135  12:56  Marine x7  
  115  12:59  Viking  
  115  13:00  Marine x4  
  115  13:03  Marine x3  
  115  13:05  Siege Tank  
  110  13:13  Marine x2, Medivac x2  
  110  13:14  Marine x3, Viking  
  110  13:18  Siege Tank  
  121  13:25  SCV  
  121  13:26  SCV x3  
  125  13:32  Raven  
  127  13:37  Siege Tank  
  130  13:43  Viking x2  
  130  13:44  Viking  
  130  13:46  Marine x2  
  140  13:55  Siege Tank  
  140  14:02  Marine x6  
  145  14:09  Marine x6  
Show
View Real Time Build Order
Export as new Build Order

GuMiho Terran - Winner!

Build Orders:  

Get SALT Encoding   

  12  0:00  SCV  
  13  0:12  SCV  
  14  0:16  Supply Depot  
  14  0:24  SCV  
  15  0:38  SCV  
  15  0:40  Barracks  
  15  0:42  Refinery  
  16  0:50  SCV  
  16  0:52  Refinery  
  17  1:02  SCV  
  18  1:14  SCV  
  19  1:27  Orbital Command, Reaper  
  20  1:36  Supply Depot  
  20  1:40  Factory  
  20  1:53  SCV  
  21  1:59  Reaper  
  22  2:05  SCV  
  23  2:14  Command Center  
  23  2:18  SCV  
  24  2:23  Hellion  
  25  2:30  SCV  
  25  2:31  Reaper  
  25  2:35  Supply Depot  
  27  2:42  SCV  
  28  2:45  Factory Tech Lab  
  28  2:49  Starport  
  28  2:54  SCV  
  29  3:03  Cyclone  
  32  3:06  SCV  
  32  3:07  Barracks Reactor  
  33  3:18  SCV  
  34  3:25  Starport Tech Lab  
  34  3:30  SCV  
  34  3:32  Refinery  
  34  3:39  Cyclone  
  36  3:42  SCV  
  36  3:43  Marine  
  36  3:44  Marine  
  39  3:49  Banshee  
  39  3:50  Orbital Command  
  39  3:54  SCV  
  45  4:06  SCV  
  42  4:17  SCV  
  43  4:19  Command Center  
  43  4:22  SCV  
  44  4:28  Siege Tank  
  44  4:30  SCV  
  48  4:34  SCV  
  48  4:36  Raven  
  51  4:41  Supply Depot  
  51  4:45  SCV  
  52  4:46  SCV  
  53  4:54  Supply Depot  
  53  4:57  SCV  
  54  5:02  Marine x2, Siege Tank, SCV  
  54  5:06  Supply Depot  
  60  5:15  SCV x2  
  62  5:21  Raven  
  62  5:24  Marine x2  
  62  5:27  SCV  
  62  5:28  SCV  
  68  5:36  Siege Tank  
  68  5:37  Orbital Command  
  68  5:40  SCV x2  
  73  5:43  Barracks x2  
  72  5:52  SCV x2  
  72  5:56  Engineering Bay x2  
  74  5:58  Refinery  
  74  6:04  SCV x2  
  75  6:05  SCV  
  75  6:07  Viking x2  
  81  6:12  Stimpack  
  81  6:16  SCV x2  
  83  6:25  Marine  
  83  6:28  Orbital Command  
  83  6:31  Barracks Reactor x2  
  84  6:35  SCV x2, Supply Depot  
  84  6:37  Terran Infantry Weapons Level 1, Terran Infantry Armor Level 1  
  88  6:43  Marine  
  91  6:47  SCV x2  
  91  6:50  Supply Depot  
  91  6:51  Supply Depot  
  91  6:53  SCV  
  90  6:59  SCV x2  
  90  7:00  Barracks  
  90  7:01  Barracks  
  92  7:06  Supply Depot  
  92  7:07  SCV  
  92  7:08  Supply Depot  
  93  7:11  SCV  
  93  7:13  Siege Tank  
  93  7:15  Marine x3  
  100  7:16  Marine x2  
  100  7:21  SCV x2  
  104  7:28  Missile Turret  
  104  7:33  Marine x3  
  104  7:34  Marine  
  104  7:36  Marine  
  106  7:37  Medivac x2  
  106  7:39  SCV x2  
  106  7:40  SCV  
  106  7:44  Armory  
  113  7:45  Siege Tank  
  113  7:50  Supply Depot  
  113  7:51  Marine, SCV x2  
  119  7:52  SCV, Barracks Reactor  
  119  7:53  Missile Turret, Barracks Reactor, Combat Shield  
  120  8:03  SCV  
  120  8:04  Marine x4, Sensor Tower  
  120  8:05  Refinery  
  125  8:06  Refinery  
  125  8:08  Marine  
  125  8:10  SCV x2  
  128  8:15  SCV  
  128  8:16  Medivac x2  
  128  8:18  Siege Tank  
  135  8:22  Marine x2  
  135  8:26  Marine x2  
  139  8:33  Terran Infantry Weapons Level 2, Command Center  
  139  8:41  Marine x2  
  139  8:45  Supply Depot, Factory  
  139  8:46  Supply Depot x2  
  141  8:56  Marine x2, SCV  
  141  8:57  SCV  
  141  8:58  Marine x5, Supply Depot, SCV  
  147  9:06  Marine x2  
  147  9:07  Siege Tank  
  146  9:10  Medivac x2  
  146  9:14  Marine x2  
  146  9:16  Marine x2  
  153  9:18  Marine x2  
  153  9:19  Marine  
  153  9:22  Terran Infantry Armor Level 2  
  153  9:23  Marine  
  153  9:24  Marine  
  157  9:31  Factory Tech Lab  
  157  9:32  Marine x2  
  157  9:34  Marine x2  
  157  9:36  Marine x2, Terran Vehicle Weapons Level 1  
  157  9:37  Marine  
  157  9:38  Supply Depot  
  164  9:41  Marine x2  
  164  9:42  Siege Tank  
  171  9:46  Viking  
  171  9:48  Supply Depot  
  171  9:49  Marine x2  
  171  9:50  Supply Depot  
  171  9:51  Marine x2  
  175  9:54  Marine x2, Siege Tank  
  175  9:55  Marine  
  181  10:01  Marine x2  
  183  10:07  Marine x2  
  183  10:09  Marine  
  183  10:13  Marine x3  
  189  10:22  Sensor Tower, Command Center  
  189  10:24  Marine x3  
  185  10:41  Marine x5, Siege Tank x2  
  185  10:42  Marine x2  
  195  10:44  Planetary Fortress  
  195  10:45  Marine x2  
  195  10:59  Marine, Medivac x2  
  200  11:06  Supply Depot  
  200  11:07  Supply Depot  
  200  11:13  Terran Infantry Weapons Level 3  
  200  11:20  Refinery x2  
  200  11:26  Starport  
  200  11:27  Starport  
  200  11:28  Missile Turret  
  200  11:33  Terran Vehicle Weapons Level 2  
  200  11:41  Terran Infantry Armor Level 3  
  200  11:46  Sensor Tower  
  198  11:58  Marine x2  
  200  12:06  Marine  
  200  12:12  Marine x6  
  200  12:13  Siege Tank x2  
  200  12:14  Viking x2  
  198  12:16  Marine x2  
  198  12:18  Planetary Fortress  
  198  12:21  Starport  
  198  12:22  Starport  
  200  12:35  Command Center  
  200  12:36  Command Center  
  163  12:53  Marine x8  
  163  12:54  Siege Tank x2  
  163  12:57  Marine  
  162  12:58  Medivac x2  
  157  13:11  Marine x8  
  162  13:15  Marine  
  162  13:18  Starport Tech Lab x3  
  163  13:26  Siege Tank  
  163  13:27  Missile Turret  
  166  13:28  Marine  
  166  13:29  Marine x7, Siege Tank  
  166  13:33  Marine  
  178  13:46  Orbital Command, Marine x2  
  178  13:47  Orbital Command, Marine x5  
  183  13:51  Marine x2  
  185  13:58  Siege Tank  
  190  14:04  Marine x4  
  190  14:05  Marine  
Tags
 
Add a new tag
Caveats
  • Supply blocks, unpowered buildings, or Contaminate may cause inaccurate times.
  • Supply counts are checked every 10 seconds.